 Dungeon Crawl Stone Soup version 0.21.1-1-g345015f (webtiles) character file.

79 Kelzor the Sneak (level 4, -3/33 HPs)
             Began as a Vampire Assassin on May 2, 2018.
             Slain by Iko's ghost (11 damage)
             ... on level 3 of the Dungeon.
             The game lasted 00:21:24 (2379 turns).

Kelzor the Sneak (Vampire Assassin)                 Turns: 2379, Time: 00:21:24

Health: -3/33      AC:  6    Str: 12 (15) XL:     4   Next: 16%
Magic:  4/4        EV: 11    Int: 12 (13) God:
Gold:   142        SH:  0    Dex: 15 (16) Spells: 3/3 levels left

rFire    . . .     SeeInvis +   a - +2 dagger
rCold    + + .     Gourm    .   (no shield)
rNeg     + + +     Faith    .   e - +0 leather armour
rPois    ∞         Spirit   .   q - +2 hat
rElec    .         Reflect  .   d - +0 cloak
rCorr    .         Harm     .   (no gloves)
MR       .....                  (no boots)
Stlth    +++++.....             (no amulet)
HPRegen  0.00/turn              h - ring of poison resistance
MPRegen  0.09/turn              z - ring of see invisible

@: mighty, bloodless, non-regenerating
A: fangs 3, see invisible, unbreathing
a: Bat Form


You were on level 3 of the Dungeon.
You were bloodless.

You visited 1 branch of the dungeon, and saw 3 of its levels.

You collected 142 gold pieces.

Inventory:

Hand Weapons
 a - a +2 dagger (weapon)
 b - a +0 blowgun
 g - a +0 short sword
 j - a +0 hunting sling
 l - a cursed -3 dagger
 n - a +0 club
 r - a +0 club
 s - a +0 club
 y - a +0 whip
 B - a +0 club
 C - a +0 club
 D - a +0 short sword
 E - a +0 flail
 H - a +0 hand axe
Missiles
 f - 6 poisoned needles
 k - 2 curare-tipped needles
 o - 46 stones (quivered)
 t - 26 bolts
 w - 34 sling bullets
 G - 5 tomahawks
Armour
 c - a +0 robe
 d - a +0 cloak (worn)
 e - a +0 leather armour (worn)
 q - a +2 hat (worn)
 x - a +0 leather armour
Jewellery
 h - a ring of poison resistance (left hand)
 z - a ring of see invisible (right hand)
Potions
 v - 2 potions of haste {unknown}
 A - 2 potions of brilliance {unknown}
 F - a potion of flight {unknown}
Comestibles
 i - 5 rations


   Skills:
 + Level 1.9 Fighting
 + Level 2.4 Short Blades
 + Level 2.7 Throwing
 + Level 0.4 Armour
 + Level 1.4 Dodging
 + Level 6.8 Stealth


You had 3 spell levels left.
You didn't know any spells.

Dungeon Overview and Level Annotations

Branches:
Dungeon (3/15)

Altars:
Ashenzari

Annotations:
D:3 Iko's ghost, weakling BaCK


Innate Abilities, Weirdness & Mutations

You do not heal naturally.
You are immune to poison.
You have razor-sharp teeth.
You have supernaturally acute eyesight. (SInv)
You can survive without breathing.


Message History

Iko's ghost hits you but does no damage.
You barely miss Iko's ghost.
Iko's ghost is moderately damaged.
Iko's ghost hits you!
You are too injured to fight recklessly!
You are too injured to fight recklessly!
You feel better. Iko's ghost hits you!
* * * LOW HITPOINT WARNING * * *
You are too injured to fight recklessly!
You are too injured to fight recklessly!
It was a potion of might.
You feel very mighty all of a sudden. Iko's ghost barely misses you.
You are too injured to fight recklessly!
You are too injured to fight recklessly!
It was a potion of degeneration.
There was something very wrong with that liquid.
You feel weakened.
You feel dopey.
You feel clumsy. Iko's ghost hits you!
You die...

.# .# ###### .# ####
....##### .# .!..
#......# ###.#
#..####..###.####....
#.bW@.............#.#
#..####..###.####...#
.... .....# #.# ##.##
##.# ####......# #.#
# ######## ###.#
####.#.#
########...#..#
#.....##..###.#
#.....##.#.#..##


You could see Iko's ghost and a bat.

Vanquished Creatures
  2 adders (D:2)
  A gnoll (D:1)
  A worm (D:2)
  2 dart slugs
  3 orcs (D:3)
  7 bats
  4 giant cockroaches
  3 goblins
  5 hobgoblins
  4 kobolds
  2 frilled lizards
  6 rats
40 creatures vanquished.

Notes
Turn   | Place    | Note
-------+----------+-------------------------------------------
     0 | D:1      | Kelzor the Vampire Assassin began the quest for the Orb.
     0 | D:1      | Reached XP level 1. HP: 16/16 MP: 1/1
    72 | D:1      | Reached skill level 6 in Stealth
   296 | D:1      | Reached XP level 2. HP: 20/22 MP: 2/2
   610 | D:1      | Reached XP level 3. HP: 19/27 MP: 3/3
  1782 | D:2      | Reached XP level 4. HP: 28/33 MP: 4/4
  2045 | D:2      | Found a shattered altar of Ashenzari.
  2361 | D:3      | Noticed Iko's ghost (weakling BaCK)
  2379 | D:3      | Slain by Iko's ghost

Skill      XL: |  1  2 |
---------------+-------+-----
Stealth        | 6 |  6.8
Throwing       | 2 |  2.7
Fighting       | |  1.9
Short Blades   | |  2.4
Armour         | |  0.4
Dodging        | |  1.4

Action                   |  1- 3 |  4- 6 || total
-------------------------+-------+-------++-------
Melee: Dagger            |    73 |    28 ||   101
       Bite              |    12 |     3 ||    15
 Fire: Blowgun           |    45 |       ||    45
       Hunting sling     |     4 |       ||     4
  Use: Potion            |     2 |     5 ||     7
       Scroll            |     5 |       ||     5
 Stab: Sleeping          |     3 |       ||     3
Armor: Robe              |    18 |       ||    18
       Leather armour    |    17 |     5 ||    22
Dodge: Dodged            |    78 |    13 ||    91
